[Event "*** Titled Tuesday Blitz"]
[Site "Chess.com"]
[Date "2018.06.05"]
[Round "1"]
[White "dalmatinac101"]
[Black "Slovak_fighter2000"]
[Result "1-0"]
[WhiteElo "2720"]
[BlackElo "2373"]
[TimeControl "180+2"]
[EndTime "13:05:18 PDT"]
[Termination "dalmatinac101 won by resignation"]

1. e4 e6 2. d4 d5 3. Nc3 Nf6 4.
Bg5 Be7 5. e5 Nfd7 6. h4 h6 7.
Bxe7 Qxe7 8. f4 O-O 9. g4 f6 10. Qd2 c5 11. Nge2 Nc6 12. exf6 Nxf6 13. g5 Nh5 14. gxh6 gxh6 15. O-O-O cxd4 16. Rg1+ Kh8 17.
Nxd4 Nxf4 18. Nce2 Nxd4 19. Nxf4 Rxf4 20. Qxf4 Nf5 21. Qe5+ Kh7 22. Bd3 Qf7 23. Bxf5+ exf5 24. Rg2 Be6 25. Rdg1 1-0

[Event "*** Titled Tuesday Blitz"]
[Site "Chess.com"]
[Date "2018.06.05"]
[Round "1"]
[White "Sanan_Sjugirov"]
[Black "UNDERTAKER2001"]
[Result "1-0"]
[WhiteElo "2710"]
[BlackElo "2368"]
[TimeControl "180+2"]
[EndTime "13:05:18 PDT"]
[Termination "Sanan_Sjugirov won by resignation"]

1. e4 e6 2. d4 d5 3. Nd2 Nf6 4. e5 Nfd7 5. Bd3 c5 6. c3 Nc6 7. Ne2 cxd4 8. cxd4 f6 9. exf6 Nxf6 10. O-O Bd6 11. Nf3 Qc7 12. Bg5 O-O 13. Rc1 Nh5 14.
Ng3 Nf4 15. Bb1 h6 16. Bxf4 Bxf4 17. Qd3 Bxc1 18. Qh7+ Kf7 19. Bg6+ Ke7 20. Qxg7+ Kd6 21. Qxf8+ Ne7 22. Ne5 Bxb2 23. Be8 Bxd4 24. Nf7+ 1-0

[Event "*** Titled Tuesday Blitz"]
[Site "Chess.com"]
[Date "2018.06.05"]
[Round "1"]
[White "saraswathii"]
[Black "Patzel09"]
[Result "0-1"]
[WhiteElo "2267"]
[BlackElo "2584"]
[TimeControl "180+2"]
[EndTime "13:05:19 PDT"]
[Termination "Patzel09 won by resignation"]

1. d4 Nf6 2. Bf4 d5 3. e3 c5 4. c3 Nc6 5. Nf3 Qb6 6. Qb3 c4 7. Qc2 Bf5 8. Qc1 e6 9. Nbd2 Be7 10. Be2 O-O 11. O-O Nh5 12. Ne5 Nxf4 13. exf4 Qc7 14. g3 b5 15. Bf3 Nxe5 16. fxe5 b4 17. Bg2 Rab8 18. Nf3 h6 19. Re1 bxc3 20. bxc3 Qa5 21. Qf4 Qxc3 22. g4 Bg6 23. h4 Qd3 24. h5 Bh7 25. g5 Qf5 26. Qxf5 Bxf5 27. gxh6 gxh6 28. Re3 Rfc8 29. Nh2 Rb1+ 30. Rxb1 Bxb1 0-1

[Event "*** Titled Tuesday Blitz"]
[Site "Chess.com"]
[Date "2018.06.05"]
[Round "1"]
[White "x-3738459472"]
[Black "nicegg"]
[Result "1-0"]
[WhiteElo "2432"]
[BlackElo "1889"]
[TimeControl "180+2"]
[EndTime "13:05:27 PDT"]
[Termination "x-3738459472 won by resignation"]

1. e4 e5 2. Nf3 Nc6 3. Bb5 Nd4 4.
Bc4 Bc5 5. c3 Nxf3+ 6. Qxf3 Qf6 7.
Qg3 d6 8. O-O Qg6 9. b4 Bb6 10. a4 a6 11. a5 Ba7 12. d3 Nf6 13.
Be3 Qxg3 14. hxg3 Ng4 15. Bxa7 Rxa7 16. Nd2 Ke7 17. Rae1 Ra8 18. f3 Nf6 19. f4 Be6 20. Nf3 Bxc4 21. dxc4 Nd7 22. Kf2 f6 23. Ke3 b6 24.
Ra1 bxa5 25. Rxa5 Rhb8 26. Rfa1 Rb6 27. Kd3 h6 28. Nd2 g5 29. f5 c6 30. Nf1 Ra7 31.
Ne3 Kf7 32. Rh1 Kg7 33. Ng4 c5 34. b5 Rbb7 35. Rha1 Nb8 36. Ne3 Rb6 37. Nd5 Rbb7 38. b6 Ra8 39. Nc7 Nc6 40. Nxa8 Nxa5 41. Rxa5 Kf7 42. Rxa6 1-0

[Event "*** Titled Tuesday Blitz"]
[Site "Chess.com"]
[Date "2018.06.05"]
[Round "1"]
[White "Amirreza_p"]
[Black "aNONoNonono"]
[Result "1-0"]
[WhiteElo "2700"]
[BlackElo "2361"]
[TimeControl "180+2"]
[EndTime "13:05:28 PDT"]
[Termination "Amirreza_p won by resignation"]

1. e4 c5 2. c3 Nf6 3. e5 Nd5 4.
d4 cxd4 5. cxd4 e6 6. Nf3 d6 7.
Bd3 Nc6 8. O-O Be7 9. Nc3 dxe5 10. dxe5 Nxc3 11. bxc3 O-O 12. Qc2 g6 13. h4 Bxh4 14. Rd1 Be7 15. Bxg6 hxg6 16. Rxd8 Rxd8 17. Rb1 b6 18.
Bg5 Bb7 19. Qe4 Rd5 20. Qh4 Re8 21. Bxe7 Rxe7 22. Ng5 Red7 23. Qh7+ Kf8 24. Qh8+ Ke7 25. Nh7 Rd8 26. Qf6+ Ke8 27. Ng5 Nxe5 28. Re1 1-0

[Event "*** Titled Tuesday Blitz"]
[Site "Chess.com"]
[Date "2018.06.05"]
[Round "1"]
[White "LastHeroJr"]
[Black "KRASAVCHIK2002"]
[Result "1-0"]
[WhiteElo "2530"]
[BlackElo "2213"]
[TimeControl "180+2"]
[EndTime "13:05:34 PDT"]
[Termination "LastHeroJr won by resignation"]

1. e4 c5 2. Nf3 d6 3. d4 cxd4 4. Nxd4 Nf6 5. Nc3 a6 6. Bg5 e6 7. f4 Qb6 8. Qd3 Qxb2 9. Nb3 Qa3 10. f5 Nc6 11. fxe6 Bxe6 12. Bxf6 gxf6 13. Be2 Nb4 14. Qd2 Qb2 15. O-O Qxc2 16. Qd4 Nc6 17. Qxf6 Rg8 18.
Rac1 Qb2 19. Rb1 Qa3 20. Bh5 Ne5 21. Qxe6+ Kd8 22. Bxf7 1-0

[Event "*** Titled Tuesday Blitz"]
[Site "Chess.com"]
[Date "2018.06.05"]
[Round "1"]
[White "Duhless"]
[Black "Ind1anStar"]
[Result "1-0"]
[WhiteElo "2820"]
[BlackElo "2411"]
[TimeControl "180+2"]
[EndTime "13:05:40 PDT"]
[Termination "Duhless won by resignation"]

1. Nf3 Nf6 2. c4 b6 3. d4 Bb7 4. g3 e6 5. Bg2 Be7 6. O-O O-O 7. d5 exd5 8. Nd4 c5 9. Nf5 d6 10. Nc3 Na6 11. Nxd5 Nxd5 12. Bxd5 Bxd5 13. Qxd5 Nc7 14.
Qf3 Re8 15. Rd1 Bf8 16. Bf4 Re6 17. Rd2 Qf6 18. Ne3 g5 19. Nd5 Nxd5 20. Qxd5 Rae8 21. Bxg5 Qg6 22. Be3 Re5 23. Qf3 Re4 24. b3 R8e6 25. Rad1 R4e5 26. Rd5 Rf6 27. Qg2 Rfe6 28. Rxe5 Rxe5 29.
Rd3 Bh6 30. Bxh6 Qxh6 31. Qf3 Qc1+ 32. Kg2 Qc2 33. Rxd6 Qxe2 34. Rd7 Qxf3+ 35. Kxf3 a6 36. Rd6 b5 37. Rxa6 b4 38. Rd6 Re1 39. Rd5 Ra1 40.
Rxc5 Rxa2 41. Rb5 1-0

[Event "*** Titled Tuesday Blitz"]
[Site "Chess.com"]
[Date "2018.06.05"]
[Round "1"]
[White "Manukyan_Artak"]
[Black "Arm-Tal"]
[Result "0-1"]
[WhiteElo "2329"]
[BlackElo "2669"]
[TimeControl "180+2"]
[EndTime "13:05:42 PDT"]
[Termination "Arm-Tal won by resignation"]

1. e4 Nf6 2. Nc3 e5 3. Nf3 Nc6 4. d4 exd4 5. Nxd4 Bb4 6. Nxc6 bxc6 7. Bd3 d5 8. O-O O-O 9. Bg5 h6 10. Bxf6 Qxf6 11. exd5 Bxc3 12. bxc3 cxd5 13. c4 dxc4 14. Bxc4 Bb7 15. Qg4 Rad8 16. Rad1 Rfe8 17. h4 Bc6 18. h5 Kf8 19. Bb3 a5 20. a4 Re5 21.
Rxd8+ Qxd8 22. Qc4 Qf6 23. Rd1 Rg5 24. g3 Rxh5 25.
Rd8+ Ke7 26. Qe2+ Kxd8 27. Qxh5 Qa1+ 0-1

[Event "*** Titled Tuesday Blitz"]
[Site "Chess.com"]
[Date "2018.06.05"]
[Round "1"]
[White "LuisFSiles"]
[Black "IMAghasiyevKamal"]
[Result "0-1"]
[WhiteElo "2138"]
[BlackElo "2479"]
[TimeControl "180+2"]
[EndTime "13:05:45 PDT"]
[Termination "IMAghasiyevKamal won by resignation"]

1. e4 c5 2. Nf3 d6 3. d4 cxd4 4.
Nxd4 Nf6 5. Nc3 g6 6. Be3 Bg7 7. f3 O-O 8. Qd2 Nc6 9. O-O-O d5 10. Kb1 e5 11. Nxc6 bxc6 12. Bc5 d4 13. Na4 Re8 14. g4 Be6 15. h4 h5 16. g5 Nd7 17. c3 Qa5 18. Bb4 Qxa4 19. b3 Bxb3 20. axb3 Qxb3+ 21. Kc1 a5 22. Bd6 0-1

[Event "*** Titled Tuesday Blitz"]
[Site "Chess.com"]
[Date "2018.06.05"]
[Round "1"]
[White "WinnerOleg"]
[Black "hansen"]
[Result "0-1"]
[WhiteElo "2403"]
[BlackElo "2785"]
[TimeControl "180+2"]
[EndTime "13:05:52 PDT"]
[Termination "hansen won by checkmate"]

1. d4 Nf6 2. c4 e6 3. Nc3 Bb4 4.
e3 O-O 5. Bd3 d5 6. Nf3 c5 7.
O-O dxc4 8. Bxc4 Nbd7 9. a3 Ba5 10. dxc5 Bxc3 11. bxc3 Nxc5 12. a4 Qc7 13. Ba3 Rd8 14.
Qc2 b6 15. Rfd1 Bb7 16. Nd4 Ng4 17. g3 Ne4 18. Bxe6 fxe6 19. Nxe6 Rxd1+ 20. Rxd1 Qf7 21.
Nf4 Nexf2 22. Re1 Be4 23. Qe2 g5 24. h3 gxf4 25. hxg4 fxg3 26. Bd6 Nh3# 0-1

[Event "*** Titled Tuesday Blitz"]
[Site "Chess.com"]
[Date "2018.06.05"]
[Round "1"]
[White "TST2014"]
[Black "DSCC1"]
[Result "1-0"]
[WhiteElo "2480"]
[BlackElo "2139"]
[TimeControl "180+2"]
[EndTime "13:05:54 PDT"]
[Termination "TST2014 won on time"]

1. d4 d5 2. c4 Nc6 3. Nf3 Bg4 4. Bf4 e6 5. e3 Bd6 6. Bg3 Nge7 7. Nc3 h6 8. a3 a6 9. Rc1 Bxg3 10. hxg3 O-O 11. Be2 dxc4 12. Bxc4 e5 13. d5 Bxf3 14. Qxf3 Na7 15.
Qe4 Qd6 16. g4 c6 17. g5 cxd5 18. Nxd5 Nxd5 19. Bxd5 Kh8 20. gxh6 g6 21. Bxb7 Rab8 22. O-O 1-0

[Event "*** Titled Tuesday Blitz"]
[Site "Chess.com"]
[Date "2018.06.05"]
[Round "1"]
[White "Bryakin_Mikhail"]
[Black "lucasmito"]
[Result "1-0"]
[WhiteElo "2645"]
[BlackElo "2328"]
[TimeControl "180+2"]
[EndTime "13:05:57 PDT"]
[Termination "Bryakin_Mikhail won by resignation"]

1. d4 Nf6 2. c4 g6 3. Nc3 d5 4.
Nf3 Bg7 5. h4 dxc4 6. e4 c5 7. d5 b5 8. h5 gxh5 9. e5 Ng4 10. Rxh5 a6 11. d6 exd6 12. Qd5 Ra7 13. Bg5 Be6 14. Bxd8 dxe5 1-0

[Event "*** Titled Tuesday Blitz"]
[Site "Chess.com"]
[Date "2018.06.05"]
[Round "1"]
[White "JozefKneht"]
[Black "maciek_92"]
[Result "0-1"]
[WhiteElo "2302"]
[BlackElo "2626"]
[TimeControl "180+2"]
[EndTime "13:06:02 PDT"]
[Termination "maciek_92 won by checkmate"]

1. d4 Nf6 2. Bf4 d5 3. e3 c5 4. c3 Nc6 5. Nd2 Bf5 6. Ngf3 e6 7. Bb5 Qb6 8. Bxc6+ bxc6 9. Qb3 c4 10. Qxb6 axb6 11. Ne5 Rc8 12. Ke2 Nd7 13. Ndf3 f6 14. Nxd7 Kxd7 15.
Nd2 Bd3+ 16. Kf3 g5 17. Bg3 h5 18. h3 Be7 19. Rhe1 g4+ 20. hxg4 hxg4+ 21. Kxg4 Be4 22. Nxe4 dxe4 23. Bh4 f5+ 24. Kh3 Rxh4+ 25. Kg3 Rg8# 0-1

[Event "*** Titled Tuesday Blitz"]
[Site "Chess.com"]
[Date "2018.06.05"]
[Round "1"]
[White "aqmarkin"]
[Black "mazetofonias"]
[Result "0-1"]
[WhiteElo "2231"]
[BlackElo "2551"]
[TimeControl "180+2"]
[EndTime "13:06:06 PDT"]
[Termination "mazetofonias won by resignation"]

1. e4 c5 2. Nc3 Nc6 3. f4 g6 4. Nf3 Bg7 5. Bb5 Nd4 6. Bc4 e6 7. e5 d5 8. Nxd4 cxd4 9. Bb5+ Kf8 10. Ne2 Qb6 11. Bd3 h5 12. b3 Ne7 13. Bb2 Nc6 14. a4 a5 15. O-O Kg8 16. Qe1 Bf8 17. Qg3 Bd7 18. Kh1 Rh7 19. f5 exf5 20. Bxf5 Bxf5 21. Rxf5 Re8 22. Raf1 h4 23. Qg4 Nxe5 24. Rxe5 Rxe5 25. Bxd4 Qe6 26. Qxe6 Rxe6 27. Nf4 Rd6 28. Bc5 Rf6 29. Bd4 Rf5 30. Rf3 Bd6 31. Nd3 Rxf3 32. gxf3 f5 33. Bb6 h3 34. Bxa5 Re7 35. Bc3 Re2 36. f4 Kf7 37. Ne5+ Bxe5 0-1

[Event "*** Titled Tuesday Blitz"]
[Site "Chess.com"]
[Date "2018.06.05"]
[Round "1"]
[White "nubair1198"]
[Black "HanSchut"]
[Result "1-0"]
[WhiteElo "2535"]
[BlackElo "2219"]
[TimeControl "180+2"]
[EndTime "13:06:15 PDT"]
[Termination "nubair1198 won by resignation"]

1. c4 Nf6 2. Nc3 d5 3. cxd5 Nxd5 4. g3 c5 5. Bg2 Nc7 6. Qb3 Nc6 7.
Bxc6+ bxc6 8. Nf3 e6 9. d3 Be7 10. Be3 Nd5 11. Nxd5 cxd5 12. Rc1 d4 13. Bf4 O-O 14.
Ne5 Bd7 15. Qb7 Be8 16. Nc4 f6 17. Bc7 Qc8 18. Qxc8 Rxc8 19. Bd6 Bxd6 20. Nxd6 Rc6 21. Ne4 Bg6 22. Nxc5 Rfc8 23. b4 a5 24. a3 axb4 25. axb4 Rb8 26. Rc4 e5 27. Kd2 Bf7 28. Rc2 Rxb4 29.
Ra1 h6 30. Ra8+ Kh7 31. Nd7 Rxc2+ 32. Kxc2 Rb7 33. Rd8 h5 34. h4 Be6 35. Nf8+ 1-0

[Event "*** Titled Tuesday Blitz"]
[Site "Chess.com"]
[Date "2018.06.05"]
[Round "1"]
[White "Matibar"]
[Black "francogreek"]
[Result "1-0"]
[WhiteElo "2589"]
[BlackElo "2265"]
[TimeControl "180+2"]
[EndTime "13:06:17 PDT"]
[Termination "Matibar won by resignation"]

1. Nf3 g6 2. e4 Bg7 3. d4 d6 4. Bc4 e6 5. Bb3 Ne7 6. a4 a5 7. Nc3 O-O 8. h4 h6 9. Be3 d5 10. Qd2 Kh7 11. h5 g5 12. g4 Nbc6 13. e5 f6 14.
exf6 Bxf6 15. Ne2 e5 16. dxe5 Nxe5 17. Nxe5 Bxe5 18. Rg1 Bxb2 19. Rd1 c6 20. c3 Ba3 21. Bc2+ Kg8 22. Qd3 Rf7 23. f4 gxf4 24. Bxf4 Bd6 25. Bxh6 Qc7 26. Kd2 b6 27. Rdf1 Ba6 28. Qe3 1-0

[Event "*** Titled Tuesday Blitz"]
[Site "Chess.com"]
[Date "2018.06.05"]
[Round "1"]
[White "PowerThinking2650"]
[Black "JaimeSantosLatasa"]
[Result "1-0"]
[WhiteElo "2348"]
[BlackElo "2633"]
[TimeControl "180+2"]
[EndTime "13:06:23 PDT"]
[Termination "PowerThinking2650 won by resignation"]

1. e4 c5 2. Nf3 d6 3. Nc3 Nf6 4.
g3 b6 5. Bg2 Bb7 6. d3 Nbd7 7.
O-O g6 8. h3 Bg7 9. Be3 O-O 10.
Qd2 e5 11. Bh6 a6 12. a4 Bc6 13. Bxg7 Kxg7 14. Nh4 Nh5 15. Kh2 Nf4 16. Nd5 Bxd5 17. exd5 Nxg2 18. Nxg2 b5 19. f4 Nb6 20. c4 bxc4 21.
dxc4 exf4 22. Rxf4 Nd7 23. Ne3 Rb8 24. Raf1 h5 25.
g4 hxg4 26. Nxg4 f5 27. Rxf5 Rxf5 28. Qh6+ Kf7 29. Qh7+ Kf8 30. Qh8+ Kf7 31. Nh6+ Ke7 32. Qg7+ Ke8 33. Qxg6+ 1-0

[Event "*** Titled Tuesday Blitz"]
[Site "Chess.com"]
[Date "2018.06.05"]
[Round "1"]
[White "evgenysharapov"]
[Black "therealtrader"]
[Result "0-1"]
[WhiteElo "2290"]
[BlackElo "2616"]
[TimeControl "180+2"]
[EndTime "13:06:27 PDT"]
[Termination "therealtrader won by resignation"]

1. e4 c5 2. Nf3 d6 3. d4 cxd4 4. Nxd4 Nf6 5. Nc3 a6 6. g3 e5 7. Nb3 Be7 8. Bg2 O-O 9. O-O b5 10. a4 b4 11. Nd5 Nxd5 12. Qxd5 Ra7 13. Be3 Be6 14. Qd3 Ra8 15. a5 Qc7 16. Rfc1 Nd7 17. c4 Nc5 18. Qc2 Rfd8 19. Nd2 Rab8 20. b3 Rdc8 21.
h3 Bd8 22. f4 f6 23. f5 Bf7 24.
Bf2 Qc6 25. Nf1 Nb7 26. Ne3 Nxa5 27. g4 Qb7 28. h4 Nc6 29. Nd5 Ne7 30. Kh1 Nxd5 31.
exd5 a5 32. Be4 Bb6 33. Rg1 Bxd5 34. Bxd5+ Qxd5+ 35. cxd5 Rxc2 36. Bxb6 Rxb6 37. Rxa5 Rb7 38. Ra6 Rd7 39. Rb6 Rd2 40. Rxb4 Rxd5 41. Rb8+ Kf7 42.
g5 fxg5 43. hxg5 Rd4 44. g6+ hxg6 45. fxg6+ Kf6 46. Rf8+ Ke6 47. Rgf1 Rh4+ 48. Kg2 Rg4+ 49. Kh3 Rxg6 50. b4 Rf6 51. Re8+ Kf7 52. Rxf6+ gxf6 53. Rb8 d5 54. b5 d4 55. Kg2 d3 0-1

[Event "*** Titled Tuesday Blitz"]
[Site "Chess.com"]
[Date "2018.06.05"]
[Round "1"]
[White "Didici"]
[Black "Xeniya2005"]
[Result "1-0"]
[WhiteElo "2435"]
[BlackElo "1914"]
[TimeControl "180+2"]
[EndTime "13:06:27 PDT"]
[Termination "Didici won by resignation"]

1. d4 Nf6 2. c4 g6 3. f3 Bg7 4. e4 d6 5. Ne2 O-O 6. Be3 Nbd7 7. Qd2 e5 8. d5 Nh5 9. Nbc3 a5 10.
O-O-O b6 11. g4 Nf4 12. Nxf4 exf4 13. Bxf4 Ba6 14. Nb5 Bxb5 15. cxb5 Nc5 16. Be3 Qd7 17. h4 a4 18. Bd4 h6 19. Bc4 a3 20. b3 Nb7 21.
Kb1 Na5 22. Be2 Qe7 23. g5 h5 24. Rc1 Ra7 25. b4 Nb7 26. Bxg7 Kxg7 27. Qc3+ Kg8 28. Qxc7 Qe5 29. Qc3 Qe7 30. Qf6 Qd7 31. Rc6 Re8 32.
Rhc1 Qe7 33. Qxe7 Rxe7 34. Rxb6 Ra4 35. Rc4 Kf8 36. Ra6 Rxa6 37. bxa6 Nd8 38. Rc8 Ke8 39. Bb5+ 1-0

[Event "*** Titled Tuesday Blitz"]
[Site "Chess.com"]
[Date "2018.06.05"]
[Round "1"]
[White "RDMGUY01"]
[Black "Robert_Chessmood"]
[Result "0-1"]
[WhiteElo "2385"]
[BlackElo "2736"]
[TimeControl "180+2"]
[EndTime "13:06:30 PDT"]
[Termination "Robert_Chessmood won by resignation"]

1. d4 d5 2. c4 c6 3. Nc3 Nf6 4.
cxd5 cxd5 5. Bg5 Ne4 6. Nxe4 dxe4 7. Rc1 h6 8. Bd2 Nc6 9. e3 Be6 10. a3 Bd5 11. Ne2 e6 12. Nc3 Be7 13. Bb5 O-O 14. O-O a6 15. Nxd5 axb5 16. Nxe7+ Qxe7 17. Rc5 e5 18.
Rxb5 exd4 19. exd4 Rad8 20. d5 Ne5 21. Bb4 Qd7 22. Rb6 Rfe8 23. d6 Re6 24. Qd5 Nf3+ 25. Kh1 Re5 26. Qb3 Rh5 27. gxf3 Qh3 0-1

[Event "*** Titled Tuesday Blitz"]
[Site "Chess.com"]
[Date "2018.06.05"]
[Round "1"]
[White "1e41-0"]
[Black "TigranLPetrosyan"]
[Result "0-1"]
[WhiteElo "2411"]
[BlackElo "2819"]
[TimeControl "180+2"]
[EndTime "13:06:32 PDT"]
[Termination "TigranLPetrosyan won by resignation"]

1. d4 g6 2. e4 Bg7 3. Nc3 a6 4. Be3 b5 5. h4 h6 6. f4 d6 7. h5 gxh5 8. Be2 b4 9. Nb1 Nf6 10. Nd2 Ng4 11. Nf1 c5 12. dxc5 Nxe3 13. Nxe3 Bxb2 14. Rxh5 Bb7 15. Bf3 Nc6 16. cxd6 Bxa1 17.
Qxa1 Rg8 18. Rxh6 Qb6 19. Ke2 O-O-O 20. Nd5 Nd4+ 21. Kf2 Bxd5 22. dxe7 Ne6+ 23. Kf1 Bc4+ 24. Be2 Rd2 25. Rh8 Bxe2+ 26. Nxe2 Rd1+ 27. Qxd1 Rxh8 28. f5 Rh1+ 29. Ng1 Qxg1+ 30. Ke2 Qxd1+ 31. Ke3 Re1+ 0-1

[Event "*** Titled Tuesday Blitz"]
[Site "Chess.com"]
[Date "2018.06.05"]
[Round "1"]
[White "Kimster98"]
[Black "sere99"]
[Result "1/2-1/2"]
[WhiteElo "2559"]
[BlackElo "2263"]
[TimeControl "180+2"]
[EndTime "13:06:33 PDT"]
[Termination "Game drawn by agreement"]

1. Nf3 d5 2. c4 c6 3. e3 Nf6 4. d4 e6 5. b3 Nbd7 6. Bb2 Bd6 7. Bd3 O-O 8. O-O Re8 9. Nbd2 Qe7 10. Ne5 Ba3 11. Bxa3 Qxa3 12. f4 Qd6 13. c5 Qe7 14. b4 Nxe5 15. fxe5 Nd7 16. Qh5 g6 17. Qh6 Qf8 18.
Qh4 Qe7 19. Qh6 Qf8 20. Qh4 Qe7 21. Qg3 b6 22. Nf3 h6 23. Qf4 Kg7 24. g4 a5 25.
a3 Ba6 26. Bxa6 Rxa6 27. g5 h5 28. Nd2 Rea8 29. Rab1 axb4 30. axb4 b5 31. Rf2 Ra1 32. Rxa1 Rxa1+ 33. Kg2 Ra2 34. h4 Nb8 35. e4 Na6 36.
exd5 cxd5 37. Nb3 Rxf2+ 38. Kxf2 Nxb4 39. Qf6+ Qxf6+ 40. gxf6+ Kf8 41. Na5 Ke8 42. Ke3 Kd7 43. Kf4 Nc6 44. Nb3 Ke8 45. Kg5 Kf8 46. Kf4 Ke8 47. Kg5 1/2-1/2

[Event "*** Titled Tuesday Blitz"]
[Site "Chess.com"]
[Date "2018.06.05"]
[Round "1"]
[White "VerdeNotte"]
[Black "fyall777"]
[Result "1-0"]
[WhiteElo "2622"]
[BlackElo "2294"]
[TimeControl "180+2"]
[EndTime "13:06:34 PDT"]
[Termination "VerdeNotte won on time"]

1. c4 e5 2. Nc3 Nc6 3. g3 f5 4.
Bg2 Nf6 5. d3 Bb4 6. Bd2 O-O 7.
e3 Kh8 8. Nge2 d6 9. a3 Bxc3 10. Bxc3 d5 11. b4 d4 12. exd4 Nxd4 13. O-O c6 14.
Nxd4 exd4 15. Bd2 Be6 16. Re1 Qd7 17. a4 Rae8 18. b5 c5 19. a5 Re7 20. Qf3 h6 21.
Qxb7 Qxb7 22. Bxb7 Ne4 23. Bxe4 fxe4 24. Rxe4 Rfe8 25.
Rae1 Kg8 26. Bf4 Kf7 27. Bd6 Rd7 28. Bxc5 1-0

[Event "*** Titled Tuesday Blitz"]
[Site "Chess.com"]
[Date "2018.06.05"]
[Round "1"]
[White "ehrenfeld"]
[Black "CookiesAndIceCream"]
[Result "1-0"]
[WhiteElo "2468"]
[BlackElo "2077"]
[TimeControl "180+2"]
[EndTime "13:06:41 PDT"]
[Termination "ehrenfeld won by resignation"]

1. e4 e5 2. Nc3 Nc6 3. Bc4 Nf6 4. d3 Bb4 5. Ne2 O-O 6. O-O d6 7. Bg5 h6 8. Bh4 g5 9. Bg3 Be6 10. a3 Bc5 11. Bxe6 fxe6 12. Na4 Bb6 13. Nxb6 axb6 14. c3 Nh5 15. d4 Qf6 16. d5 Ne7 17. c4 Ng6 18. Nc3 Nhf4 19. dxe6 Qxe6 20. Nd5 Rf7 21. b4 Raf8 22. Rc1 Kh7 23. Ne3 h5 24. Bxf4 Nxf4 25. Nf5 h4 26. g3 Qg6 27. gxf4 gxf4+ 28. Kh1 Rg8 29. Rg1 Qe6 30. Qh5+ 1-0

[Event "*** Titled Tuesday Blitz"]
[Site "Chess.com"]
[Date "2018.06.05"]
[Round "1"]
[White "jlucasvf"]
[Black "GhostOfGreenval"]
[Result "1-0"]
[WhiteElo "2202"]
[BlackElo "2459"]
[TimeControl "180+2"]
[EndTime "13:06:45 PDT"]
[Termination "jlucasvf won by resignation"]

1. e4 c5 2. Nf3 Nc6 3. Bb5 d6 4. O-O Bd7 5. Re1 a6 6. Bxc6 Bxc6 7. d4 cxd4 8. Nxd4 e5 9. Nf5 g6 10. Ng3 Bg7 11. c4 Ne7 12. Nc3 O-O 13. Qd3 Qc7 14.
Bg5 f6 15. Be3 Rac8 16. Red1 Rfd8 17. a4 b6 18. b3 Qb7 19. f3 h5 20. Qe2 Be8 21.
Qf2 Rb8 22. Bc1 Bf7 23. Nf1 f5 24. Bg5 Qc7 25. Ne3 Rf8 26. Bxe7 Qxe7 27. exf5 Bh6 28.
Ncd5 Qg5 29. f6 Bxd5 30. Nxd5 Qf5 31. Ne7+ 1-0

[Event "*** Titled Tuesday Blitz"]
[Site "Chess.com"]
[Date "2018.06.05"]
[Round "1"]
[White "SamCopeland"]
[Black "vpantev"]
[Result "0-1"]
[WhiteElo "2019"]
[BlackElo "2445"]
[TimeControl "180+2"]
[EndTime "13:06:45 PDT"]
[Termination "vpantev won by resignation"]

1. e4 c6 2. d4 d5 3. e5 Bf5 4. h4 h5 5. c4 Nh6 6. Be2 Bg4 7. Nc3 Bxe2 8. Qxe2 Nf5 9. Nf3 dxc4 10. Qxc4 e6 11. Bg5 Be7 12. Ne4 Nd7 13. O-O Nb6 14. Qd3 Nd5 15. Rfd1 g6 16. g3 Kf8 17. Rac1 Kg7 18. Qd2 Bxg5 19. Nfxg5 Qe7 20. a3 Rad8 21.
b4 a6 22. Qe2 Nc7 23. Nc5 Nb5 24. d5 Rxd5 25. Rxd5 cxd5 26. a4 Nbd4 27. Qd3 Rc8 28.
a5 Nc6 29. Qd2 Nb8 30. Rc3 Rc6 31. Kh2 Nd7 32. Nxd7 Qxd7 33. Kh3 Qc7 34. Rxc6 Qxc6 35.
f3 Qc4 36. Qf2 Qc1 37. Kh2 Qe3 38. Qf1 Qxe5 39. b5 Qxg3+ 0-1

[Event "*** Titled Tuesday Blitz"]
[Site "Chess.com"]
[Date "2018.06.05"]
[Round "1"]
[White "BrizuelaRonald"]
[Black "Alopekos"]
[Result "1-0"]
[WhiteElo "2704"]
[BlackElo "2361"]
[TimeControl "180+2"]
[EndTime "13:06:49 PDT"]
[Termination "BrizuelaRonald won by resignation"]

1. d4 Nf6 2. c4 e6 3. Nc3 d5 4. Nf3 c5 5. cxd5 Nxd5 6. e4 Nxc3 7. bxc3 cxd4 8. cxd4 Bb4+ 9. Bd2 Bxd2+ 10. Qxd2 O-O 11.
Be2 b6 12. O-O Bb7 13. Qe3 Nd7 14. a4 Nf6 15. Nd2 Rc8 16. f3 Qc7 17. a5 bxa5 18.
Nb3 Rfd8 19. Nxa5 Ba8 20. Rfd1 h6 21. Bf1 Qb6 22. Nc4 Qb4 23. Ne5 a5 24. Qd2 Rc3 25. Rab1 Rb3 26. Rxb3 Qxb3 27. Qxa5 Rf8 28. Rd3 Qb1 29.
Qa4 Rb8 30. Qa7 Rf8 31. Ra3 Bb7 32. Qc5 Ra8 1-0

[Event "*** Titled Tuesday Blitz"]
[Site "Chess.com"]
[Date "2018.06.05"]
[Round "1"]
[White "leclash"]
[Black "PulpanJ"]
[Result "0-1"]
[WhiteElo "2316"]
[BlackElo "2636"]
[TimeControl "180+2"]
[EndTime "13:06:52 PDT"]
[Termination "PulpanJ won by resignation"]

1. d4 Nf6 2. c4 e6 3. Nc3 d5 4. cxd5 Nxd5 5. e4 Nxc3 6. bxc3 c5 7. Nf3 cxd4 8. cxd4 Bb4+ 9. Bd2 Bxd2+ 10. Qxd2 O-O 11.
Bd3 Nd7 12. O-O b6 13. Rac1 Bb7 14. Rc3 Nf6 15. Qf4 Nh5 16. Qe5 Nf6 17. Rc7 Bxe4 18. Bxe4 Nxe4 19. Rfc1 Nf6 20. Rb7 Nd5 21. Ng5 Rc8 22.
Re1 Rc7 23. Rxc7 Nxc7 24. Ne4 Qd7 25. Rc1 Nb5 26. a4 Nxd4 27. Re1 h6 28. Qg3 Ne2+ 0-1

[Event "*** Titled Tuesday Blitz"]
[Site "Chess.com"]
[Date "2018.06.05"]
[Round "1"]
[White "Eliwood44"]
[Black "ENEASZ"]
[Result "0-1"]
[WhiteElo "2179"]
[BlackElo "2511"]
[TimeControl "180+2"]
[EndTime "13:06:54 PDT"]
[Termination "ENEASZ won by resignation"]

1. d4 d6 2. Nf3 Nf6 3. Bg5 Ne4 4. Bf4 c6 5. e3 Qb6 6. Qc1 g6 7. Bd3 d5 8. O-O Bg7 9. c4 O-O 10. Nc3 Nxc3 11. bxc3 Qa6 12. Nd2 dxc4 13. Nxc4 b5 14. Ne5 Nd7 15. a4 Nxe5 16. Bxe5 Bxe5 17. axb5 Bxh2+ 18. Kxh2 Qb6 19. bxc6 Qxc6 20. e4 Bb7 21. f3 Rfc8 22.
c4 Qd6+ 23. Kh1 Qxd4 24. Rd1 Rc5 25. g4 Qf2 26. Qf4 g5 27. Qh2 Qxf3+ 28. Qg2 Qxg2+ 29. Kxg2 e5 30. Kf3 f6 31. Rdb1 Bc6 32. Ke3 a5 33.
Rb6 Kf7 34. Rh1 Kg6 35. Rhb1 a4 36. Rb8 Rxb8 37. Rxb8 Ra5 38. Bb1 a3 39. Rg8+ Kf7 40. Rc8 Bd7 41. Rc7 Ke8 42. Ba2 Kd8 43. Rb7 Kc8 44.
Rb3 Bxg4 45. c5 Be6 0-1

[Event "*** Titled Tuesday Blitz"]
[Site "Chess.com"]
[Date "2018.06.05"]
[Round "1"]
[White "Gareth-Bale11"]
[Black "MikeSailer"]
[Result "1-0"]
[WhiteElo "2448"]
[BlackElo "2039"]
[TimeControl "180+2"]
[EndTime "13:06:54 PDT"]
[Termination "Gareth-Bale11 won by resignation"]

1. e4 d5 2. exd5 Qxd5 3. Nc3 Qd8 4. Nf3 Nf6 5. Bc4 a6 6. O-O b5 7. Bb3 e6 8. d4 Bb7 9. Re1 Be7 10. h3 O-O 11. Bg5 Nbd7 12. Qe2 Re8 13. Rad1 Nb6 14. Ne5 Bd6 15. Bxf6 Qxf6 16. Ne4 Bxe4 17. Qxe4 Bxe5 18. Qxe5 Qxe5 19. Rxe5 Red8 20. c3 Nd7 21. Re2 c5 22. d5 exd5 23. Bxd5 Rab8 24. Re7 Nf6 25. Bxf7+ Kf8 26.
Rde1 Rd1 27. Bb3 Rxe1+ 28. Rxe1 Rb6 29. g3 Rd6 30. Re2 c4 31. Bc2 Kf7 32. Kg2 Nd7 33.
h4 Nc5 34. h5 g6 35. b3 cxb3 36. axb3 gxh5 37. Re5 h4 38. Rxc5 hxg3 39. Kxg3 Rd2 40.
Bxh7 1-0